 Dungeon Crawl Stone Soup version 0.29.1-12-g30fa7ad0bf (webtiles) character file.

Game seed: 386643306671039777

462 cheesebisquit the Cleaver (level 6, -11/52 HPs)
             Began as a Minotaur Berserker on Dec 28, 2022.
             Was a Believer of Trog.
             Killed from afar by an orc (16 damage)
             ... with a bolt of dispelling energy
             ... on level 4 of the Dungeon.
             The game lasted 00:10:38 (2216 turns).

cheesebisquit the Cleaver (Minotaur Berserker)      Turns: 2216, Time: 00:10:38

Health: -11/52     AC: 15    Str: 24    XL:     6   Next: 79%
Magic:  5/5        EV:  3    Int:  4    God:    Trog [**....]
Gold:   143        SH: 10    Dex:  9    Spells: 5/5 levels left

rFire   . . .      SeeInvis .   a - +0 hand axe
rCold   + . .      Faith    .   A - +0 tower shield
rNeg    . . .      Spirit   .   q - +0 plate armour
rPois   .          Reflect  .   (helmet restricted)
rElec   .          Harm     .   (no cloak)
rCorr   .          Rampage  .   (no gloves)
Will    .....                   (no boots)
Stlth   ..........              (no amulet)
HPRegen 0.17/turn               o - +4 ring of protection
MPRegen 0.09/turn               y - ring of protection from cold

@: no status effects
A: horns 2, retaliatory headbutt
a: Renounce Religion, Berserk, Trog's Hand


You were on level 4 of the Dungeon.
You worshipped Trog.
Trog was pleased with you.
You visited 1 branch of the dungeon, and saw 3 of its levels.

You collected 143 gold pieces.

Inventory:

Hand Weapons
 a - a +0 hand axe (weapon)
 b - a +0 sling of freezing
Armour
 h - a +0 ring mail
 j - a +0 scale mail
 q - a +0 plate armour (worn)
 r - a +0 animal skin
 A - a +0 tower shield (worn)
Jewellery
 o - a +4 ring of protection (left hand)
 y - a ring of protection from cold (right hand)
Scrolls
 c - a scroll of teleportation {unknown}
 e - 2 scrolls of poison {unknown}
 m - a scroll of vulnerability {unknown}
 n - 2 scrolls of enchant armour {unknown}
 t - a scroll of fear {unknown}
 u - 2 scrolls of identify {unknown}
 v - a scroll of immolation {unknown}
 w - a scroll of blinking {unknown}
 x - a scroll of butterflies {unknown}
Potions
 d - a potion of mutation {unknown}
 f - a potion of haste {unknown}
 g - 2 potions of attraction {unknown}
 i - a potion of ambrosia {unknown}
 k - 2 potions of brilliance {unknown}
 l - 2 potions of magic {unknown}
 p - 2 potions of lignification {unknown}
 s - a potion of curing {unknown}
 z - a potion of might {unknown}


   Skills:
 - Level 4.0 Fighting
 + Level 8.5 Axes
 - Level 2.8 Armour
 - Level 2.6 Dodging
 + Level 2.3 Shields


You had 5 spell levels left.
You didn't know any spells.
Your spell library was empty.

Dungeon Overview and Level Annotations

Branches:
Dungeon (2/15)

Altars:
Makhleb

Shops:
D:4 (

Annotations:
D:2 1 runed translucent door, Crazy Yiuf


Innate Abilities, Weirdness & Mutations

You have a pair of horns on your head.
You reflexively headbutt those who attack you in melee.


Message History

The scorpion stings you but does no damage.
You closely miss the scorpion. Your headbutt misses the scorpion.
The scorpion is severely wounded.
You block the scorpion's attack.
You closely miss the scorpion.
The scorpion is severely wounded.
The walls and floor vibrate strangely for a moment.
You block the scorpion's attack. The scorpion completely misses you.
You slash the scorpion!
You kill the scorpion!
Trog accepts your kill.
Your Shields skill increases to level 2!
A goblin comes into view. It is wielding a +0 dagger.
The goblin shouts!
An ogre comes into view. It is wielding a +0 giant club.
The goblin barely misses you.
The ogre shouts!
You slash the goblin!
You kill the goblin!
Trog accepts your kill.
You hear a shout!
Found a short sword.
You block the ogre's attack.
You see here a +0 dagger.
You barely miss the ogre. Your headbutt misses the ogre.
The ogre hits you with a +0 giant club!!
Ouch! That really hurt!
You hit the ogre.
The ogre is lightly wounded.
You block the ogre's attack.
You barely miss the ogre.
The ogre is lightly wounded.
You barely miss the ogre. You headbutt the ogre!
The ogre is severely wounded.
The ogre hits you with a +0 giant club!!
* * * LOW HITPOINT WARNING * * *
An orc comes into view.
It is wielding a +0 whip and carrying a wand of quicksilver (13).
Okay, then.
Okay, then.
The orc zaps a wand.
The bolt of dispelling energy hits you!
You die...

#......# ##...#..
#..##.. ##########
#..#... #........#
#..##..
###..#####.###......
#?..............###.
#..#.†####..######
#. #.##@## ##.# #+
#. #.)# #.# # #:Oo)#
#.# ##..## #.# ####
..# ... ..#


You could see an ogre and an orc.

Vanquished Creatures
  A black bear (D:4)
  A centaur (D:4)
  A phantom (D:4)
  A scorpion (D:4)
  A hound (D:4)
  A gnoll bouda (D:4)
  An adder (D:2)
  5 gnolls (D:4)
  An orc (D:2)
  4 endoplasms
  A giant cockroach (D:2)
  7 goblins
  4 hobgoblins
  4 jackals (D:2)
  3 kobolds
  4 quokkas
  6 ball pythons
  4 bats
  A frilled lizard (D:1)
  4 rats
55 creatures vanquished.

Notes
Turn   | Place    | Note
-------+----------+-------------------------------------------
     0 | D:1      | cheesebisquit the Minotaur Berserker began the quest for
                  | the Orb.
     0 | D:1      | Reached XP level 1. HP: 19/19 MP: 0/0
   337 | D:1      | Reached XP level 2. HP: 21/27 MP: 1/1
   545 | D:1      | Reached skill level 4 in Axes
   910 | D:2      | Reached XP level 3. HP: 33/33 MP: 2/2
   917 | D:2      | Reached ** piety under Trog
  1414 | D:2      | Found a runed translucent door.
  1415 | D:2      | Noticed Crazy Yiuf
  1539 | D:2      | Reached skill level 5 in Axes
  1555 | D:2      | You fall into a shaft and drop 2 floors!
  1623 | D:4      | Noticed a phantom
  1631 | D:4      | Noticed a black bear
  1637 | D:4      | Killed a phantom
  1638 | D:4      | Reached skill level 6 in Axes
  1638 | D:4      | Reached XP level 4. HP: 40/40 MP: 3/3
  1640 | D:4      | Killed a black bear
  1641 | D:4      | Reached skill level 7 in Axes
  1641 | D:4      | Reached XP level 5. HP: 46/46 MP: 4/4
  1746 | D:4      | Found Liliom's Antique Weapon Shop.
  1815 | D:4      | Noticed a centaur
  1819 | D:4      | Killed a centaur
  1820 | D:4      | Reached skill level 8 in Axes
  1820 | D:4      | Reached XP level 6. HP: 52/52 MP: 5/5
  1847 | D:4      | Found a burning altar of Makhleb.
  1847 | D:4      | Noticed an Executioner
  1959 | D:4      | Reached skill level 1 in Shields
  2216 | D:4      | Killed from afar by an orc

Illustrated notes

Levels and vault maps discovered:
D:1:      lightli_arrival_boilingwater, layout_basic, minmay_hexomino_c4
D:2:      layout_basic, hellmonk_ecumenical_altar_inner_sanctum,
          grunt_ministairs_14, st_stairs_4, uniq_crazy_yiuf_cottage
D:4:      nicolae_cairo_tiling_large_dashed, layout_loops_corners,
          vehumet_statue, makhleb_altar_promises_db, portal_sewer_entry_d,
          serial_shops, nicolae_square_shop, nicolae_lakefront_shop,
          shop_fountains, shop, nicolae_diamond_shop, eino_tiny_chamber,
          minmay_close_crescents

Skill      XL: |  1  2  3  4  5  6 |
---------------+-------------------+-----
Axes           | 4 6 7 8 |  8.5
Fighting       | 4 |  4.0
Shields        | 2 |  2.3
Armour         | |  2.8
Dodging        | |  2.6

Action                   |  1- 3 |  4- 6 || total
-------------------------+-------+-------++-------
Melee: Hand axe          |    85 |    56 ||   141
       Headbutt          |     9 |    11 ||    20
       Punch             |     3 |       ||     3
Invok: Trog's Hand       |     1 |     3 ||     4
       Berserk           |     1 |     2 ||     3
Armor: Ring mail         |     8 |       ||     8
       Scale mail        |    16 |       ||    16
       Plate armour      |    24 |    47 ||    71
Dodge: Dodged            |    44 |    12 ||    56
Block: Tower shield      |       |    26 ||    26
